 Dungeon Crawl Stone Soup version 0.32-a0-893-gf85d74f360 (webtiles) character file.

Game seed: 16459906739261762968

420 Shayle the Apothecary (level 6, 0/40 (41) HPs)
             Began as a Coglin Alchemist on Apr 2, 2024.
             Slain by a wight
             ... wielding a +2 morningstar
              (6 damage)
             ... on level 6 of the Dungeon on Apr 3, 2024.
             The game lasted 00:20:25 (4049 turns).

Shayle the Apothecary (Coglin Alchemist)            Turns: 4049, Time: 00:20:25

HP:   0/40 (41)     AC:  2    Str:  8    XL:     6   Next: 94%
MP:   7/11          EV: 11    Int: 16    God:
Gold: 104           SH:  0    Dex: 15    Spells: 8/12 levels left

rFire   + . .        g - +0 whip {Ingiyab}
rCold   + . .        (no shield)
rNeg    . . .        a - +0 robe
rPois   .            (no helmet)
rElec   .            i - scarf {rC+ rF+}
rCorr   .            (no gloves)
SInv    .            (no boots)
Will    .....        (amulet unavailable)
Stlth   ++           (ring unavailable)
HPRegen 0.26/turn    (ring unavailable)
MPRegen 0.12/turn    (no gizmo)

%: no passive effects
@: lightly drained, invisible, revved
A: off-hand wielding, slow wielding, warmup strikes, no jewellery
a: Invent Gizmo


You were on level 6 of the Dungeon.
You visited 1 branch of the dungeon, and saw 6 of its levels.

You collected 104 gold pieces.

Inventory:

Hand Weapons
 g - a +0 whip (weapon) {Ingiyab}
 k - a +0 dagger
Armour
 a - a +0 robe (worn)
 e - a +1 pair of gloves of infusion
 i - a scarf of resistance (worn)
Scrolls
 f - a scroll of torment
 h - a scroll of silence
 j - 2 scrolls of enchant weapon
 l - a scroll of amnesia
 o - 2 scrolls of brand weapon
 s - a scroll of vulnerability {unknown}
 t - a scroll of poison {unknown}
 u - a scroll of summoning {unknown}
Potions
 m - 2 potions of cancellation
 q - a potion of mutation
 r - a potion of brilliance


   Skills:
 - Level 1.7 Dodging
 - Level 1.5 Stealth
 + Level 3.7 Spellcasting
 + Level 3.5 Conjurations
 + Level 5.4 Alchemy


You had 8 spell levels left.
You knew the following spells:

 Your Spells              Type           Power      Damage    Failure   Level
a - Sting                 Conj/Alch      68%        1d7       2%          1
b - Mephitic Cloud        Conj/Alch/Air  12%        N/A       16%         3

Your spell library contained the following spells:

 Spells                   Type           Power      Damage    Failure   Level
 Mercury Vapours          Alch/Air       22%        N/A       9%          2
 Olgreb's Toxic Radiance  Alch           20%        N/A       19%         4
 Frozen Ramparts          Ice            4%         1d1       45%         3
 Ozocubu's Armour         Ice            2%         N/A       45%         3
 Sticky Flame             Fire/Alch      11%        2d5       50%         4
 Metabolic Englaciation   Hex/Ice        1%         N/A       99%         5


Dungeon Overview and Level Annotations

Branches:
Dungeon (6/15)             Temple (0/1) D:6

Altars:
Cheibriados
Xom

Annotations:
D:4 Blork the orc, Pikel
D:5 Prince Ribbit
D:6 2 transporters


Innate Abilities, Weirdness & Mutations

You can wield a second weapon in your off-hand.
It takes a long time for you to wield or remove held weapons.
Your first few attacks do less damage.
You cannot equip rings or amulets.


Message History

You hit the gnoll but do no damage.
The gnoll is moderately wounded.
The gnoll hits you with a +0 club.
You hit the gnoll but do no damage.
The gnoll is moderately wounded.
The gnoll hits you with a +0 club.
You hit the gnoll.
The gnoll is moderately wounded.
The gnoll hits you with a +0 club!
The hound stops to sniff the ground.
It was a potion of invisibility.
You fade into invisibility!
The gnoll hits you with a +0 club.
You hit the gnoll.
The gnoll is severely wounded.
The gnoll misses you.
You strike the helpless gnoll from behind!
You hit the gnoll.
You kill the gnoll!
You hit the wight.
The wight is lightly damaged.
You float gracefully downwards.
The wight closely misses you.
You hit the wight.
The wight is lightly damaged.
Your enlightenment fades.
The wight barely misses you.
The kobold brigand throws a poisoned dart.
The poisoned dart barely misses you.
The poisoned dart hits the wight!
The wight hits you with a +2 morningstar.
You hit the wight.
The wight is moderately damaged.
The wight hits you with a +2 morningstar!
* * * LOW HITPOINT WARNING * * *
You feel drained.
The kobold brigand throws a poisoned dart.
A kobold comes into view. It is wielding a +0 short sword.
You hit the wight.
The wight is moderately damaged.
The wight hits you with a +2 morningstar.
You die...

*,...** #....≈≈.#..#,,,#..#.≈≈...
,.##z,* #....≈≈.##.#####.##.≈≈.##
.**#*,*##....≈≈..#.#ß⌠ß#.#.....#
** **,......~~.©#.+.©.+.#©....##
* *,..<...≈≈..#.#P.P#.#......# **
*,..<...≈≈.##.##.##.##.≈≈...
,******.....g≈≈.#g.#P.P#.©#.≈≈...
,,,,,,,.....g≈≈z##.'...+.##.≈≈..#
,,,,,,*.....h≈≈.@#g#..P#.#..≈≈..#
*,*****.....g≈≈###.##'##.###≈≈...
*,* *..#...≈≈#g..........#≈≈z..
*,* ***,.#..K≈≈##.###.###.##≈≈.##
*,***,,..##..≈≈#..#ß###ß#g.#≈≈.#*
*,*,,,,......≈≈####zoz..####≈≈z#*
*,,,,**#.....≈≈≈≈≈≈≈≈~≈≈≈≈≈≈≈≈.#
*,,*** #.###K≈≈≈≈≈≈≈≈~≈≈≈≈≈≈≈≈.#*
*,** *#.* #..hz...............#*


You could see a kobold brigand (unable to see you), a gnoll sergeant (unable to
see you), a hound, a wight (wandering, unable to see you), 3 gnolls and a kobold
(wandering, unable to see you).

Vanquished Creatures
  3 lemures (D:4)
  A gnoll sergeant (D:6)
  A scorpion (D:6)
  A howler monkey (D:4)
  A bombardier beetle (D:3)
  A hound (D:4)
  An iguana (D:6)
  An orc wizard (D:6)
  Ijyb (D:4)
  5 adders
  A gnoll (D:6)
  A dart slug (D:2)
  3 orcs
  6 endoplasms
  A giant cockroach (D:2)
  3 goblins
  4 hobgoblins
  4 jackals (D:1)
  3 quokkas
  12 ball pythons
  9 bats
  A frilled lizard (D:2)
  10 kobolds
  5 rats
79 creatures vanquished.

Vanquished Creatures (others)
  An orc (D:4)
1 creature vanquished.

Grand Total: 80 creatures vanquished

Notes
Turn   | Place    | Note
-------+----------+-------------------------------------------
     0 | D:1      | Shayle the Coglin Alchemist began the quest for the Orb.
     0 | D:1      | Reached XP level 1. HP: 13/13 MP: 3/3
   100 | D:1      | Reached skill level 1 in Conjurations
   163 | D:1      | Reached XP level 2. HP: 19/19 MP: 1/5
   170 | D:1      | Found a faded altar of an unknown god.
   838 | D:1      | Reached XP level 3. HP: 24/24 MP: 2/6
  1481 | D:2      | Upgraded the game from 0.32-a0-886-g41c5271027 to
                  | 0.32-a0-893-gf85d74f360
  1495 | D:2      | Found a shimmering altar of Xom.
  1503 | D:2      | Learned a level 3 spell: Mephitic Cloud
  1775 | D:2      | Reached skill level 4 in Alchemy
  1807 | D:2      | Reached XP level 4. HP: 26/30 MP: 2/7
  2583 | D:3      | Found a snail-covered altar of Cheibriados.
  2591 | D:3      | Reached XP level 5. HP: 35/35 MP: 2/9
  3219 | D:4      | Noticed a lemure
  3219 | D:4      | Noticed a lemure
  3220 | D:4      | Noticed a lemure
  3220 | D:4      | Noticed Pikel
  3222 | D:4      | Noticed a lemure
  3231 | D:4      | Killed a lemure
  3235 | D:4      | Killed a lemure
  3235 | D:4      | Killed a lemure
  3632 | D:4      | Noticed Ijyb
  3663 | D:4      | Killed Ijyb
  3788 | D:4      | Reached XP level 6. HP: 41/41 MP: 4/10
  3793 | D:4      | Noticed Blork the orc
  3922 | D:5      | Entered Level 5 of the Dungeon
  3922 | D:5      | Noticed a yak
  3922 | D:5      | Noticed a yak
  3922 | D:5      | Noticed a yak
  3923 | D:5      | Noticed a yak
  3925 | D:5      | Noticed a yak
  3928 | D:5      | Noticed Prince Ribbit
  3959 | D:6      | Reached skill level 5 in Alchemy
  3969 | D:6      | Found a transporter.
  3975 | D:6      | Found a transporter.
  4008 | D:6      | Identified the +3 trident of the Iron City of Dis {chaos,
                  | rC- Dex+4}
  4049 | D:6      | Slain by a wight

Illustrated notes

Levels and vault maps discovered:
D:1:      ncdulo_smallfort, layout_basic, basic_ecumenical_altar
D:2:      layout_basic, basic_altar, roderic_serpentine_path,
          minmay_misc_feat_tiny, minmay_misc_feat_diagonals
D:3:      layout_basic, slow_altar_2
D:4:      layout_loops_ring, lemuel_round_altar, serial_glass, glass_columns_b,
          glass_columns_b, glass_columns_b, glass_columns_c, glass_columns_a,
          uniq_crazy_yiuf_cottage, uniq_ijyb, uniq_blork_the_orc, uniq_pikel
D:5:      layout_rooms, uniq_prince_ribbit1
D:6:      layout_layer_cave, bloody_trog, minmay_temple_entry_drinking_statues,
          gammafunk_ghost_gnarly_gnolls, uniq_eustachio, uniq_grinder,
          uniq_jeremiah

Skill      XL: |  1  2  3  4  5  6 |
---------------+-------------------+-----
Conjurations   | 1 2 3 |  3.5
Spellcasting   | 2 3 |  3.7
Alchemy        | 4 5 |  5.4
Dodging        | |  1.7
Stealth        | |  1.5

Action                     |  1- 3 |  4- 6 || total
---------------------------+-------+-------++-------
  Melee: Unarmed           |     4 |       ||     4
         Whip              |    36 |    72 ||   108
   Cast: Sting             |    68 |    64 ||   132
         Mephitic Cloud    |       |    12 ||    12
  Evoke: Wand              |       |     6 ||     6
    Use: Scroll            |       |    11 ||    11
         Potion            |       |     4 ||     4
   Stab: Confused          |       |    10 ||    10
         Invisible         |       |     1 ||     1
 Armour: Robe              |    57 |    53 ||   110
  Dodge: Dodged            |    37 |    59 ||    96

Table legend: (Time is in decaauts)
 A = Elapsed time spent in this place.
 B = Non-inter-level travel time spent in this place.
 C = Inter-level travel time spent in this place.
 D = Time resting spent in this place.
 E = Time spent auto-exploring this place.
 F = Levels seen in this place.
 G = Mean time per level.
                   A        B        C        D        E       F      G
               +--------+--------+--------+--------+--------+-----+--------+
         Total |   4061 |   3884 |    177 |    662 |   2323 |   6 |  676.8 |
       Dungeon |   4061 |   3884 |    177 |    662 |   2323 |   6 |  676.8 |
               +--------+--------+--------+--------+--------+-----+--------+

Top non-repeatable levels by time:
     D:2: 1415 daAuts
     D:1: 1066 daAuts
     D:3: 950 daAuts
     D:4: 499 daAuts
     D:6: 118 daAuts
     D:5: 9 daAuts
